 Dungeon Crawl Stone Soup version 0.29.0-4-gdea44cf6ec (webtiles) character file.

Game seed: 12185745542908158598

191 qw the Chopper (level 5, -7/42 HPs)
             Began as a Barachi Chaos Knight on Sept 5, 2022.
             Mangled by Edmund
             ... wielding a +2 vorpal flail
              (8 damage)
             ... on level 4 of the Dungeon.
             The game lasted 00:01:32 (3199 turns).

qw the Chopper (Barachi Chaos Knight)               Turns: 3199, Time: 00:01:33

Health: -7/42      AC:  5    Str: 15    XL:     5   Next: 70%
Magic:  5/5        EV: 11    Int: 12    God:
Gold:   195        SH:  0    Dex: 18    Spells: 4/4 levels left

rFire   . . .      SeeInvis .   Y - +2 hand axe (chaos)
rCold   . . .      Faith    .   (no shield)
rNeg    . . .      Spirit   .   k - +0 ring mail
rPois   .          Reflect  .   (no helmet)
rElec   .          Harm     .   (no cloak)
rCorr   .          Rampage  .   (no gloves)
Will    .....                   (no boots)
Stlth   +.........              (no amulet)
HPRegen 0.14/turn               g - +6 ring of dexterity
MPRegen 0.09/turn               (no ring)

@: about to teleport, slow
A: amphibious, slowness 1, strong legs 1, +LOS
a: Hop


You were on level 4 of the Dungeon.
You visited 1 branch of the dungeon, and saw 4 of its levels.

You collected 195 gold pieces.


Innate Abilities, Weirdness & Mutations

You are amphibious.
You cover ground slowly.
You can hop short distances.
You have an extended range of vision and can be seen from far away.


   Skills:
 - Level 4.1 Fighting
 + Level 6.3 Axes
 - Level 2.4 Armour
 - Level 2.0 Dodging


You had 4 spell levels left.
You didn't know any spells.
Your spell library was empty.

Inventory:

Hand Weapons
 d - a +0 whip
 Y - a +2 hand axe of chaos (weapon)
Armour
 k - a +0 ring mail (worn)
Jewellery
 g - a +6 ring of dexterity (left hand)
Scrolls
 b - a scroll of blinking {unknown}
 h - a scroll of identify
Potions
 a - a potion of lignification {unknown}
 f - 2 potions of cancellation
 i - 4 potions of mutation
Miscellaneous
 c - a piece from Xom's chessboard (15/15)

Dungeon Overview and Level Annotations

Branches:
Dungeon (4/15)
 Temple: D:4-7

Altars:
Ru

Shops:
D:3 *

Annotations:
D:4 Edmund


Message History

Lightning courses through the orc wizard!
You kill the orc wizard!
You hit the orc priest but do no damage.
You hear a shout! x2
The orc priest hits you with a +0 club.
You feel your intelligence returning.
You hit the orc priest but do no damage.
The orc priest is lightly wounded.
The orc priest closely misses you.
You hit the orc priest.
The orc priest goes berserk!
The orc priest is heavily wounded.
You hit Edmund but do no damage.
Edmund is poisoned.
The orc priest hits you with a +0 club.
Edmund says, "I might not be good at magic, but I can still kill you!"
Edmund hits you with a +2 vorpal flail.
You hit the orc priest.
You feel better.
The orc priest is severely wounded.
You hit Edmund but do no damage. The orc priest closely misses you.
Edmund hits you with a +2 vorpal flail. The orc priest hits you with a +0 club.
You hit the orc priest but do no damage.
The orc priest is severely wounded.
You hit Edmund but do no damage. The orc priest closely misses you.
Edmund hits you with a +2 vorpal flail.
You hit the orc priest but do no damage.
The orc priest is severely wounded.
You hit Edmund but do no damage. You drain Edmund.
The orc priest hits you with a +0 club. Edmund barely misses you.
The orc priest hits you with a +0 club.
An orc priest comes into view. It is wielding a +0 dagger.
You barely miss the orc priest.
The orc priest is severely wounded.
You closely miss Edmund. The orc priest barely misses you.
Edmund hits you with a +2 vorpal flail.
3199 ||| READING scroll of teleportation.
As you read the scroll of teleportation, it crumbles to dust.
You feel strangely unstable. The orc priest hits you with a +0 club.
Edmund hits you with a +2 vorpal flail!
You die...
Xom titters!

. #P.............<...
#.##..................
P.P...................
......................
...###.>)####...####+#
...###...#########
...........#.....#
...........#o....#
...........@@....#
...##......##o...# ...
######## ...## .. ...#
..... ...... ......#
.o....# ......#


You could see Edmund (very poisoned, drained) and 2 orc priests.

Vanquished Creatures
  An iguana (D:4)
  2 orc wizards (D:4)
  4 adders
  3 worms (D:2)
  A dart slug (D:1)
  2 orcs
  10 ball pythons
  2 endoplasms
  2 giant cockroaches (D:2)
  4 goblins
  4 hobgoblins
  4 jackals
  3 quokkas
  8 bats
  2 frilled lizards
  11 kobolds
  6 rats
69 creatures vanquished.

Notes
Turn   | Place    | Note
-------+----------+-------------------------------------------
     0 | D:1      | qw the Barachi Chaos Knight began the quest for the Orb.
     0 | D:1      | Reached XP level 1. HP: 18/18 MP: 1/1
     0 | D:1      | 0 ||| qw: Version: 0.1-a-104-g96f76f8
     0 | D:1      | 0 ||| qw: Game counter: 5807
     0 | D:1      | 0 ||| qw: Always use a shield: true
     0 | D:1      | 0 ||| qw: God list: Okawaru
     0 | D:1      | 0 ||| qw: Allow faded altars: false
     0 | D:1      | 0 ||| qw: Do Orc after D:15 true
     0 | D:1      | 0 ||| qw: Do second Lair branch before Depths: true
     0 | D:1      | 0 ||| qw: Lair rune preference: random
     0 | D:1      | 0 ||| qw: Plans: Normal
     0 | D:1      | 0 ||| PLANNING D:1-11
     0 | D:1      | Fell from the grace of Xom
   175 | D:1      | Reached XP level 2. HP: 24/24 MP: 2/2
   247 | D:1      | Reached skill level 4 in Axes
   428 | D:1      | XOM: god gift: wand of polymorph (6)
   520 | D:1      | Reached XP level 3. HP: 27/29 MP: 3/3
   538 | D:1      | 538 ||| Stepping ~*~*~tactically~*~*~ (stealth).
   542 | D:1      | 542 ||| Stepping ~*~*~tactically~*~*~ (stealth).
   551 | D:1      | 551 ||| Stepping ~*~*~tactically~*~*~ (stealth).
   554 | D:1      | 554 ||| Stepping ~*~*~tactically~*~*~ (stealth).
   569 | D:1      | 569 ||| Stepping ~*~*~tactically~*~*~ (stealth).
   570 | D:1      | 570 ||| Stepping ~*~*~tactically~*~*~ (stealth).
   572 | D:1      | XOM: stat loss: -3 Str (12/15)
  1125 | D:1      | 1125 ||| Stepping ~*~*~tactically~*~*~ (stealth).
  1173 | D:1      | Found a faded altar of an unknown god.
  1178 | D:1      | 1178 ||| UPGRADING to +0 ring mail.
  1188 | D:1      | 1188 ||| DROPPING +2 leather armour.
  1189 | D:1      | 1189 ||| READING scroll labelled CYIHITSUWKU.
  1192 | D:1      | 1192 ||| READING 3 scrolls labelled ZAMES KEHEOSUIGG.
  1193 | D:1      | 1193 ||| DRINKING 2 clear potions.
  1194 | D:1      | 1194 ||| DRINKING 2 fizzy ruby potions.
  1195 | D:1      | 1195 ||| READING 2 scrolls of identify.
  1195 | D:1      | 1195 ||| IDENTIFYING grey potion
  1210 | D:2      | 1210 ||| Stepping ~*~*~tactically~*~*~ (stealth).
  1211 | D:2      | 1211 ||| Stepping ~*~*~tactically~*~*~ (stealth).
  1212 | D:2      | 1212 ||| Stepping ~*~*~tactically~*~*~ (stealth).
  1217 | D:2      | HP: 7/29 [worm (4)]
  1218 | D:2      | 1218 ||| DRINKING potion of heal wounds.
  1343 | D:2      | 1343 ||| Stepping ~*~*~tactically~*~*~ (stealth).
  1379 | D:2      | Reached skill level 5 in Axes
  1401 | D:2      | HP: 1/29 [worm (10)]
  1402 | D:2      | 1402 ||| READING scroll of teleportation.
  1405 | D:2      | Reached XP level 4. HP: 2/36 MP: 4/4
  2109 | D:2      | 2109 ||| UPGRADING to +6 ring of dexterity.
  2110 | D:2      | 2110 ||| READING 2 scrolls labelled LISAOV QIEDEIB.
  2111 | D:2      | 2111 ||| READING scroll labelled FEAKAR NATIE.
  2112 | D:2      | 2112 ||| READING scroll labelled TAVACW ROCU.
  2113 | D:2      | 2113 ||| DRINKING 2 fizzy brown potions.
  2114 | D:2      | 2114 ||| DROPPING scroll of poison.
  2115 | D:2      | 2115 ||| DROPPING potion of magic.
  2116 | D:2      | 2116 ||| Stepping randomly (stuck).
  2117 | D:2      | 2117 ||| Stepping ~*~*~tactically~*~*~ (cloud).
  2269 | D:3      | 2269 ||| READING scroll of enchant weapon.
  2269 | D:3      | 2269 ||| ENCHANTING +1 hand axe of chaos.
  2280 | D:3      | 2280 ||| Stepping ~*~*~tactically~*~*~ (stealth).
  2341 | D:3      | Found Xoome's General Store.
  2351 | D:3      | 2351 ||| SHOPLISTING +2 pair of boots of stealth (301 gold,
                  | have 159).
  2525 | D:3      | 2525 ||| Stepping ~*~*~tactically~*~*~ (stealth).
  2731 | D:3      | 2731 ||| READING scroll labelled ARPHIS XIEBUMUPT.
  2732 | D:3      | 2732 ||| READING scroll labelled FISEUT INLUQ.
  2733 | D:3      | 2733 ||| READING 3 scrolls of identify.
  2733 | D:3      | 2733 ||| IDENTIFYING fizzy coppery potion
  2734 | D:3      | 2734 ||| READING 2 scrolls of identify.
  2734 | D:3      | 2734 ||| IDENTIFYING puce potion
  2735 | D:3      | 2735 ||| DROPPING potion of degeneration.
  2736 | D:3      | 2736 ||| DROPPING potion of brilliance.
  2815 | D:4      | Found a sacrificial altar of Ru.
  2817 | D:4      | 2817 ||| Stepping ~*~*~tactically~*~*~ (stealth).
  2844 | D:4      | 2844 ||| FLEEEEING.
  2845 | D:4      | 2845 ||| FLEEEEING.
  2846 | D:4      | 2846 ||| FLEEEEING.
  2847 | D:4      | 2847 ||| FLEEEEING.
  2848 | D:4      | 2848 ||| FLEEEEING.
  2867 | D:4      | Reached skill level 6 in Axes
  2867 | D:4      | Reached XP level 5. HP: 21/41 MP: 5/5
  2997 | D:4      | XOM: stat loss: -1 Int (11/12)
  3038 | D:4      | 3038 ||| Stepping ~*~*~tactically~*~*~ (stealth).
  3039 | D:4      | 3039 ||| Stepping ~*~*~tactically~*~*~ (stealth).
  3052 | D:4      | 3052 ||| Stepping ~*~*~tactically~*~*~ (stealth).
  3183 | D:4      | 3183 ||| Stepping ~*~*~tactically~*~*~ (hiding).
  3184 | D:4      | 3184 ||| Stepping ~*~*~tactically~*~*~ (hiding).
  3185 | D:4      | 3185 ||| Stepping ~*~*~tactically~*~*~ (hiding).
  3191 | D:4      | Noticed Edmund
  3198 | D:4      | HP: 8/42 [Edmund/+2 vorpal flail (4)]
  3199 | D:4      | 3199 ||| READING scroll of teleportation.
  3199 | D:4      | HP: 1/42 [orc priest/+0 club (6)]
  3199 | D:4      | Mangled by Edmund

Levels and vault maps discovered:
D:1:      minmay_arrival_cross, layout_basic,
          hellmonk_ecumenical_altar_prayer_group
D:2:      layout_rooms
D:3:      layout_rooms, serial_shops, shop_statue
D:4:      layout_gridville, nicolae_ru_great_annihilating_truth,
          nicolae_kikubaaqudgha_miasma_corner,
          minmay_temple_entry_gardened_gates, minmay_pentangle, uniq_edmund

Skill      XL: |  1  2  3  4  5 |
---------------+----------------+-----
Axes           | 4 5 6 |  6.3
Dodging        | 2 |  2.0
Fighting       | 4 |  4.1
Armour         | |  2.4

Action                   |  1- 3 |  4- 6 || total
-------------------------+-------+-------++-------
Melee: Hand axe          |   122 |    90 ||   212
       Punch             |     1 |       ||     1
Invok: Renounce Religion |     1 |       ||     1
  Use: Scroll            |     4 |     9 ||    13
       Potion            |     3 |     1 ||     4
Armor: Leather armour    |    37 |       ||    37
       Ring mail         |     9 |    23 ||    32
Dodge: Dodged            |    63 |    35 ||    98

Table legend:
 A = Non-vault XP
 B = Vault XP
 C = Vault XP percentage of total XP
 D = Non-vault monster count
 E = Vault monster count
 F = Vault count percentage of total count
                 A         B        C        D         E       F
            +---------+---------+-------+---------+---------+-------
      Total |     230 |      44 |  16.1 |      63 |       6 |   8.7
            +---------+---------+-------+---------+---------+-------
        D:1 |      46 |       5 |   9.8 |      27 |       3 |  10.0
        D:2 |      46 |       0 |   0.0 |      16 |       0 |   0.0
        D:3 |      30 |       0 |   0.0 |      12 |       0 |   0.0
        D:4 |     108 |      39 |  26.5 |       8 |       3 |  27.3
            +---------+---------+-------+---------+---------+-------
